 Dungeon Crawl Stone Soup version 0.17.0-24-gcfadda4 (console) character file.

112 gw the Shooter (level 4, 0/31 HPs)
             Began as a High Elf Hunter on Nov 16, 2015.
             Succumbed to an orc wizard's poison
             ... on level 3 of the Dungeon.
             The game lasted 00:01:25 (2567 turns).

gw the Shooter (High Elf Hunter)                    Turns: 2567, Time: 00:01:25

Health: 0/31       AC:  6    Str:  9 (11) XL:     4   Next: 64%
Magic:  5/5        EV: 11    Int: 17      God:
Gold:   183        SH:  0    Dex: 16      Spells: 0 memorised, 3 levels left

rFire  . . .     SeeInvis .     c - +1 short sword
rCold  . . .     Clarity  .     f - +0 ring mail
rNeg   . . .     SustAt   .     (no shield)
rPois  .         Gourm    .     h - +0 helmet
rElec  .         Spirit   .     (no cloak)
rCorr  .         Warding  .     (no gloves)
rMut   .         Stasis   .     (no boots)
MR     .....                    (no amulet)
Stlth  +.........               (no ring)
                                (no ring)

@: lethally poisoned (0 -> -6), not resistant to hostile enchantments, very
unstealthy
A: clever 1, screaming 1
a: no special abilities


You were on level 3 of the Dungeon.
You were not hungry.

You visited 1 branch of the dungeon, and saw 3 of its levels.

You collected 183 gold pieces.

Inventory:

Hand Weapons
 a - a +2 shortbow
 c - a +1 short sword (weapon)
Missiles
 b - 38 arrows
Armour
 f - a +0 ring mail (worn)
 h - a +0 helmet (worn)
Scrolls
 d - a scroll of teleportation {unknown}
Potions
 i - a potion of cure mutation
Comestibles
 e - 4 bread rations
 m - 5 fruits


   Skills:
 + Level 3.0 Fighting
 * Level 6.9 Bows
 + Level 2.9 Dodging
 - Level 1.1 Stealth


You had 3 spell levels left.
You didn't know any spells.

Dungeon Overview and Level Annotations

Branches:
Dungeon (3/15)

Altars:
Ashenzari


Innate Abilities, Weirdness & Mutations

Your mind is acute. (Int +2)
You occasionally shout uncontrollably at your foes.


Message History

ATTACKING (1,-1)
You hit the orc.
The orc is lightly wounded.
You feel sick.
MOVING TO (0,1) ATTACKING (0,-1)
You hit the orc.
The orc is heavily wounded.
You feel sick. The orc hits you but does no damage.
ATTACKING (0,-1)
You barely miss the orc.
The orc is heavily wounded.
You feel sick. The orc hits you with a club.
ATTACKING (0,-1)
You hit the orc.
You kill the orc!
ATTACKING (0,-1)
You hit the orc.
You kill the orc!
You die...

#.#.#.. #.. #.#.#.#
......# #.# #.#.#.#
......# #.# #.#.#.#
......# #.# #...#.#
......# #.# #...#.######
......# #.# #...........
......# #.# #)#.#)######
......####.# #e#(..#
...........#####.#...#
.....................+
#..##%####.####..#...#
.................#...#
....%................#
##.##.#.#..#....##...#
##.##.#.#..#.#...........
##.##.#.#....##.##.#...##


There were no monsters in sight!

Table legend:
 A = Turns spent in this place as a percentage of turns spent in the entire game.
 B = Non-inter-level travel turns spent in this place as a percentage of non-inter-level travel turns spent in the entire game.
 C = Inter-level travel turns spent in this place as a percentage of turns spent in this place.
 D = Turns resting spent in this place as a percentage of non-inter-level travel turns spent in this place.
 E = Turns spent auto-exploring this place as a percentage of non-inter-level travel turns spent in this place.
 F = Non-inter-level travel turns spent in this place divided by the number of levels of this place that you've seen.
                   A       B       C       D       E      F
               +-------+-------+-------+-------+-------+----------------------
         Total | 100.0 | 100.0 |   0.5 |   1.0 |   2.5 | 1125.3
       Dungeon | 100.0 | 100.0 |   0.5 |   1.0 |   2.5 | 1125.3
               +-------+-------+-------+-------+-------+----------------------

Table legend:
 A = Kills in this place as a percentage of kills in entire the game.
 B = Kills by you in this place as a percentage of kills by you in the entire game.
 C = Kills by friends in this place as a percentage of kills by friends in the entire game.
 D = Other kills in this place as a percentage of other kills in the entire game.
 E = Experience gained in this place as a percentage of experience gained in the entire game.
 F = Experience gained in this place divided by the number of levels of this place that you have seen.
                   A       B       C       D       E      F
               +-------+-------+-------+-------+-------+----------------------
         Total | 100.0 | 100.0 |  -nan |  -nan | 100.0 |  53.7
       Dungeon | 100.0 | 100.0 |  -nan |  -nan | 100.0 |  53.7
               +-------+-------+-------+-------+-------+----------------------

Vanquished Creatures
  An orc wizard (D:3)
  3 adders
  2 worms (D:2)
  2 orcs (D:3)
  A ball python (D:2)
  3 bats
  3 giant cockroaches
  6 goblins
  7 hobgoblins
  4 jackals (D:1)
  10 kobolds
  A quokka (D:3)
  2 giant geckos (D:1)
  5 giant newts
  5 rats
55 creatures vanquished.

Vanquished Creatures (others)
  A giant cockroach (D:1)
  A plant (D:1)
2 creatures vanquished.

Grand Total: 57 creatures vanquished

Notes
Turn   | Place    | Note
--------------------------------------------------------------
     0 | D:1      | gw the High Elf Hunter began the quest for the Orb.
     0 | D:1      | Reached XP level 1. HP: 14/14 MP: 2/2
   301 | D:1      | Reached XP level 2. HP: 14/19 MP: 3/3
   678 | D:1      | Reached skill level 6 in Bows
  1524 | D:2      | Reached XP level 3. HP: 22/25 MP: 4/4
  2181 | D:2      | Found a shattered altar of Ashenzari.
  2231 | D:2      | Reached XP level 4. HP: 28/30 MP: 5/5
  2333 | D:2      | Gained mutation: You occasionally shout uncontrollably at your foes. [potion of mutation]
  2333 | D:2      | Gained mutation: Your mind is acute. (Int +2) [potion of mutation]
  2565 | D:3      | HP: 1/31 [orc/club (1)]
  2567 | D:3      | Succumbed to an orc wizard's poison

Action                   |  1- 3 |  4- 6 || total
-------------------------+-------+-------++-------
Melee: Short sword       |    99 |    31 ||   130
 Fire: Shortbow          |    43 |     7 ||    50
  Use: Scroll            |     3 |     2 ||     5
       Potion            |     1 |     4 ||     5
  Eat: Chunk             |     4 |     1 ||     5

Vault maps used:
D:1:      dpeg_arrival_lava_altar, lexackson_kobold_supper
D:2:      evilmike_ruin_ashenzari, first_bread, minivault_27
D:3:      gammafunk_temple_overflow_statue, gup_sewer_entry_bowl, st_stairs_3
